 Dungeon Crawl Stone Soup version 0.26.1-2-gb8aa6d0cf2 (webtiles) character file.

Game seed: 17607033642225140941

2088 Gadfly the Covered (level 9, 0/85 HPs)
             Began as a Troll Berserker on Mar 1, 2021.
             Was a Priest of Trog.
             Slain by an orc wizard
             ... wielding a +0 dagger
              (2 damage)
             ... while paralysed
             ... on level 5 of the Dungeon.
             The game lasted 00:10:08 (3900 turns).

Gadfly the Covered (Troll Berserker)                Turns: 3900, Time: 00:10:09

Health: 0/85       AC: 10    Str: 27 (29) XL:     9   Next: 6%
Magic:  8/8        EV:  1    Int:  0 (3)  God:    Trog [***...]
Gold:   230        SH:  0    Dex:  7 (10) Spells: 8/8 levels left

rFire    . . .     SeeInvis .   b - +2 whip (flame)
rCold    . . .     Faith    .   (no shield)
rNeg     . . .     Spirit   .   d - +0 animal skin
rPois    .         Reflect  .   (helmet restricted)
rElec    .         Harm     .   (no cloak)
rCorr    .         Rampage  .   (gloves unavailable)
Will     .....                  (boots unavailable)
Stlth    +.........             (no amulet)
HPRegen  0.64/turn              f - +4 ring of protection
MPRegen  0.11/turn              (no ring)

@: paralysed, lethally poisoned (0 -> -1), berserk cooldown, slowed, lost
intelligence
A: large, unfitting armour, claws 3, regeneration 1, shaggy fur 1, tough skin 3
a: Renounce Religion, Berserk, Trog's Hand


You were on level 5 of the Dungeon.
You worshipped Trog.
Trog was most pleased with you.
You visited 2 branches of the dungeon, and saw 7 of its levels.

You collected 327 gold pieces.
You spent 97 gold pieces at shops.

Inventory:

Hand Weapons
 a - a +0 morningstar
 b - a +2 whip of flaming (weapon)
Armour
 d - a +0 animal skin (worn)
Jewellery
 f - a +4 ring of protection (left claw)
Wands
 g - a wand of paralysis (11) (quivered)
Scrolls
 c - 3 scrolls of teleportation
 e - a scroll of enchant armour
 i - a scroll of remove curse
Potions
 j - a potion of haste
 k - a potion of might


   Skills:
 + Level 4.6 Fighting
 + Level 5.1 Maces & Flails
 * Level 5.6 Armour
 - Level 2.4 Dodging
 * Level 5.1 Evocations


You had 8 spell levels left.
You didn't know any spells.
Your spell library was empty.

Dungeon Overview and Level Annotations

Branches:
Dungeon (6/15)             Temple (1/1) D:5

Altars:
Ashenzari
Cheibriados
Dithmenos
Elyvilon
Makhleb
Okawaru
Ru
Xom

Shops:
D:5 *


Innate Abilities, Weirdness & Mutations

You are too large for most types of armour.
You have claws for hands.
Your natural rate of healing is unusually fast.
You are covered in fur. (AC +1)
You have extremely tough skin. (AC +3)


Message History

The orc wizard closely misses you. The orc misses you.
The orc wizard casts a spell at you.
You easily resist.
The orc wizard gestures at you while chanting.
The magic dart hits you.
* * * LOW HITPOINT WARNING * * *
You climb upwards.
There is a stone staircase leading down here.
It was a potion of degeneration.
There was something very wrong with that liquid.
You feel weakened.
You feel dopey.
You have lost your intelligence.
You feel clumsy.
You feel sick.
The orc wizard is no longer moving quickly.
The orc wizard hits you with a +0 dagger.
* * * LOW HITPOINT WARNING * * *
The orc wizard hits you but does no damage.
You are more poisoned.
The orc wizard hits you with a +0 dagger.
You die...

......#'##########..............#
.+#.......# #..........#########
..#.......# #..........# #
..+.......# #..........# #
..#.......# #..........#########
..#(......# #...................
.##.......# #...................
..........####...o...............
................@...####.........
..............>..o..#..#.........
....................'..#......#'#
#'######+#..........#..#......#..
...#.....#..........#..#>.....#..
...'.....#....#######..#......#..
..##.....##'###.....#..'......#'#
..#########...#.....'..#......#..
..##..........#....#####......#..


You could see 2 orc wizards.

Vanquished Creatures
  Pikel (D:5)
  Maggie (D:6)
  Grinder (D:5)
  Sigmund (D:4)
  A sky beast (D:5)
  An ogre (D:5)
  2 lemures (D:5)
  2 scorpions
  2 howler monkeys
  An orc priest (D:5)
  3 bullfrog skeletons
  A gnoll shaman (D:6)
  3 hounds
  3 orc wizards
  6 worker ants
  A hound skeleton (D:4)
  4 gnolls
  5 adders
  A shadow imp (D:5)
  An adder skeleton (D:4)
  A worm (D:4)
  4 dart slugs
  5 leopard geckos
  7 orcs
  A ball python (D:1)
  7 goblins
  5 hobgoblins
  4 jackals (D:1)
  8 kobolds
  2 quokkas
  8 bats
  3 frilled lizards
  A leopard gecko skeleton (D:4)
  11 rats
108 creatures vanquished.

Vanquished Creatures (others)
  An orc wizard (D:5)
1 creature vanquished.

Grand Total: 109 creatures vanquished

Notes
Turn   | Place    | Note
-------+----------+-------------------------------------------
     0 | D:1      | Gadfly the Troll Berserker began the quest for the Orb.
     0 | D:1      | Reached XP level 1. HP: 22/22 MP: 0/0
   262 | D:1      | Reached XP level 2. HP: 29/29 MP: 1/1
   695 | D:1      | Reached skill level 1 in Armour
   695 | D:1      | Reached skill level 1 in Evocations
   796 | D:1      | Found a shimmering blue altar of Sif Muna.
   798 | D:1      | Found a shimmering altar of Xom.
   798 | D:1      | Found a sacrificial altar of Ru.
   802 | D:1      | Found a shadowy altar of Dithmenos.
   802 | D:1      | Found a broken altar of Ashenzari.
   802 | D:1      | Found a sacrificial altar of Ru.
   887 | D:2      | Reached XP level 3. HP: 27/36 MP: 2/2
  1040 | D:2      | Found an iron altar of Okawaru.
  1050 | D:2      | Reached ** piety under Trog
  1214 | D:2      | Reached XP level 4. HP: 38/44 MP: 3/3
  1437 | D:2      | Found a burning altar of Makhleb.
  1667 | D:3      | Found a white marble altar of Elyvilon.
  1817 | D:3      | Reached XP level 5. HP: 52/52 MP: 4/4
  2042 | D:4      | Reached XP level 6. HP: 61/61 MP: 5/5
  2062 | D:4      | Noticed Sigmund
  2252 | D:4      | Reached *** piety under Trog
  2322 | D:4      | Killed Sigmund
  2323 | D:4      | Reached XP level 7. HP: 56/67 MP: 6/6
  2607 | D:5      | Entered Level 5 of the Dungeon
  2774 | D:5      | Noticed Grinder
  2794 | D:5      | Killed Grinder
  2879 | D:5      | Noticed Pikel
  2934 | D:5      | Reached XP level 8. HP: 78/78 MP: 7/7
  2949 | D:5      | Killed Pikel
  2950 | D:5      | Reached skill level 5 in Armour
  3018 | D:5      | Found Akoanits's General Store.
  3115 | D:5      | Bought a scroll of enchant armour for 97 gold pieces
  3353 | D:5      | Found a staircase to the Ecumenical Temple.
  3638 | Temple   | Entered the Ecumenical Temple
  3836 | D:6      | Reached skill level 5 in Maces & Flails
  3837 | D:6      | Noticed Maggie
  3891 | D:6      | Killed Maggie
  3892 | D:6      | Reached skill level 5 in Evocations
  3892 | D:6      | Reached XP level 9. HP: 20/85 MP: 8/8
  3900 | D:5      | Lost intelligence.
  3900 | D:5      | HP: 2/85 [orc wizard/+0 dagger (4)]
  3900 | D:5      | Slain by an orc wizard

Illustrated notes

Levels and vault maps discovered:
D:1:      scummos_arrival_forest, layout_loops_corners, doesnt_xom_only_xom
D:2:      minmay_spotlight, layout_rooms, lemuel_coloured_pillars_altar,
          okawaru_metal_pillars_1_2
D:3:      layout_rooms, elyvilon_altar_3
D:4:      layout_cave_pools, uniq_sigmund
D:5:      layout_gridville, minmay_temple_entry_waves, serial_shops,
          shop_statue, uniq_pikel, uniq_grinder
D:6:      layout_loops_ring, kennysheep_little_box, uniq_maggie,
          uniq_blork_the_orc
Temple:   minmay_crystal_spiral_temple

Skill      XL: |  1  2  3  4  5  6  7  8 |
---------------+-------------------------+-----
Armour         | 1 2 3 4 5 |  5.6
Evocations     | 1 2 3 5 |  5.1
Maces & Flails | 3 4 5 |  5.1
Fighting       | 3 4 |  4.6
Dodging        | |  2.4

Action                   |  1- 3 |  4- 6 |  7- 9 || total
-------------------------+-------+-------+-------++-------
Melee: Mace              |    79 |       |       ||    79
       Morningstar       |    27 |   172 |   103 ||   302
       Whip              |       |       |   126 ||   126
Invok: Berserk           |       |     2 |     4 ||     6
       Trog's Hand       |       |       |     1 ||     1
  Use: Scroll            |     3 |     6 |     2 ||    11
       Potion            |     1 |     1 |     3 ||     5
 Stab: Sleeping          |     1 |     1 |       ||     2
Armor: Animal skin       |    46 |   107 |   108 ||   261
       Skin              |     3 |       |    10 ||    13
Dodge: Dodged            |    46 |   130 |   130 ||   306
